 Dungeon Crawl Stone Soup version 0.31-a0-744-gbc345e7fcb (webtiles) character file.

Game seed: 15745195182685586699

73 GabrielManson the Shield-Bearer (level 4, 45/45 HPs)
             Began as a Troll Fighter on June 14, 2023.
             Quit the game on level 3 of the Dungeon on Sept 13, 2023.
             The game lasted 00:06:15 (1096 turns).

GabrielManson the Shield-Bearer (Troll Fighter)     Turns: 1096, Time: 00:06:16

Health: 45/45      AC:  4    Str: 26    XL:     4   Next: 8%
Magic:  3/3        EV:  9    Int:  4    God:
Gold:   95         SH:  8    Dex:  9    Spells: 3/3 levels left

rFire   + .          .
                       - Unarmed
rCold   + . .        b - +0 kite shield
rNeg    . . .        a - +0 robe
rPois   +            (helmet restricted)
rElec   .            i - scarf {rC+ rF+}
rCorr   .            (gloves unavailable)
SInv    +            (boots unavailable)
Will    .....        (no amulet)
Stlth   +            d - ring of see invisible
HPRegen 1.07/turn    p - ring of poison resistance
MPRegen 0.08/turn

%: no passive effects
@: no status effects
A: large, unfitting armour, claws 3, regeneration 1, shaggy fur 1, tough skin 1
a: no special abilities


You were on level 3 of the Dungeon.
You visited 1 branch of the dungeon, and saw 3 of its levels.

You collected 95 gold pieces.

Inventory:

Armour
 a - a +0 robe (worn)
 b - a +0 kite shield (worn)
 i - a scarf of resistance (worn)
Jewellery
 d - a ring of see invisible (left claw)
 h - a +6 ring of intelligence
 p - a ring of poison resistance (right claw)
Scrolls
 e - 2 scrolls of blinking {unknown}
 f - 5 scrolls of teleportation {unknown}
 g - 2 scrolls of amnesia {unknown}
 l - 2 scrolls of enchant weapon {unknown}
 m - a scroll of poison {unknown}
 n - a scroll of identify {unknown}
 o - a scroll of vulnerability {unknown}
 q - a scroll of immolation {unknown}
Potions
 c - a potion of might
 j - a potion of haste
 k - a potion of enlightenment {unknown}


   Skills:
 + Level 3.1 Fighting
 - Level 2.4 Dodging
 + Level 3.4 Shields
 + Level 2.9 Unarmed Combat


You had 3 spell levels left.
You didn't know any spells.
Your spell library contained the following spells:

 Spells                   Type           Power      Damage    Failure   Level
 Summon Guardian Golem    Hex/Summ       0%         N/A       98%         3
 Fireball                 Conj/Fire      0%         3d3       100%        5
 Iskenderun's Battlesphe  Conj           0%         2d6       100%        5
 Conjure Ball Lightning   Conj/Air       0%         3x3d6     100%        6
 Orb of Destruction       Conj           0%         9d5       100%        7
 Spellforged Servitor     Conj/Summ      0%         N/A       100%        7


Dungeon Overview and Level Annotations

Branches:
Dungeon (3/15)

Altars:
Sif Muna
Yredelemnul

Shops:
D:2 (


Innate Abilities, Weirdness & Mutations

You are too large for most types of armour.
You have claws for hands.
Your natural rate of healing is unusually fast.
You are covered in fur. (AC +1)
You have tough skin. (AC +1)


Message History

(D) Dungeon
Where to? (Enter - D:2, ? - help)
What level of the Dungeon? (default 1, ? - help)
Things that are here:
a rat skeleton; a frilled lizard skeleton
Things that are here:
a +0 dagger; 3 stones
Items here: ( ))).
You see here a +0 club.
There is a stone staircase leading down here.
You climb downwards.
There is a stone staircase leading up here.
You open the door.
Found a shimmering blue altar of Sif Muna.
Saving game... please wait.
Welcome back, GabrielManson the Troll Fighter.
Press ? for a list of commands and other information.
There is a fountain of clear blue water here.
You open the door.
An adder comes into view.
Found a basalt altar of Yredelemnul.
There is an open door here.
You scratch the adder.
The adder is heavily wounded.
The adder bites you but does no damage. You block the adder's attack.
You scratch the adder but do no damage.
The adder is heavily wounded.
The adder bites you but does no damage.
You scratch the adder.
The adder is severely wounded.
The adder barely misses you.
You closely miss the adder.
The adder is severely wounded.
You block the adder's attack. The adder bites you but does no damage.
You claw the adder!
You kill the adder!
You have reached level 4!
Unknown command.
Unknown command.
Are you sure you want to abandon this character and quit the game? (Confirm with "yes".)

.# #### ...
##...##.#
#.8.8.#.#
#.._..#.#
#.8...#.#
#..†@#.#+ ###
.#####...#####.##
+.......⌠........#
..#####...#####..#
+#.#'...##.#
#.#...8.#.#
#.#.._..#.#
#.#.8.8.#.#
#.##...##.##


There were no monsters in sight!

Vanquished Creatures
  2 adders
  A worm (D:2)
  2 dart slugs (D:1)
  A ball python (D:1)
  2 endoplasms (D:1)
  A giant cockroach (D:2)
  3 goblins
  8 hobgoblins
  A jackal (D:1)
  6 quokkas
  4 bats
  2 frilled lizards
  6 kobolds
  7 rats
46 creatures vanquished.

Notes
Turn   | Place    | Note
-------+----------+-------------------------------------------
     0 | D:1      | GabrielManson the Troll Fighter began the quest for the
                  | Orb.
     0 | D:1      | Reached XP level 1. HP: 22/22 MP: 0/0
   132 | D:1      | Reached XP level 2. HP: 28/29 MP: 1/1
   247 | D:1      | Reached XP level 3. HP: 34/36 MP: 2/2
   758 | D:2      | Identified the +3 spear of Qazlal's Respect {distort, rF+
                  | rC+}
   839 | D:2      | Found Kamir's Weapon Boutique.
  1086 | D:3      | Found a shimmering blue altar of Sif Muna.
  1087 | D:3      | Upgraded the game from 0.31-a0-166-g46f44d267d to
                  | 0.31-a0-744-gbc345e7fcb
  1089 | D:3      | Found a basalt altar of Yredelemnul.
  1096 | D:3      | Reached XP level 4. HP: 45/45 MP: 3/3
  1096 | D:3      | Quit the game

Illustrated notes

Levels and vault maps discovered:
D:1:      ebering_hopf_link, layout_basic, minmay_tiny_reverse_x
D:2:      layout_rooms, serial_shops, shop, lexackson_kobold_supper
D:3:      layout_basic, grunt_temple_overflow_cloverleaf, reono_crystal_passage

Skill      XL: |  1  2  3 |
---------------+----------+-----
Shields        | 3 |  3.4
Fighting       | 3 |  3.1
Dodging        | |  2.4
Unarmed Combat | |  2.9

Action                     |  1- 3 |  4- 6 || total
---------------------------+-------+-------++-------
  Melee: Unarmed           |   123 |       ||   123
   Stab: Sleeping          |     1 |       ||     1
 Armour: Robe              |    29 |       ||    29
  Dodge: Dodged            |    42 |       ||    42
  Block: Kite shield       |    44 |       ||    44

Table legend: (Time is in decaauts)
 A = Elapsed time spent in this place.
 B = Non-inter-level travel time spent in this place.
 C = Inter-level travel time spent in this place.
 D = Time resting spent in this place.
 E = Time spent auto-exploring this place.
 F = Levels seen in this place.
 G = Mean time per level.
                   A        B        C        D        E       F      G
               +--------+--------+--------+--------+--------+-----+--------+
         Total |   1102 |   1071 |     31 |      0 |    706 |   3 |  367.3 |
       Dungeon |   1102 |   1071 |     31 |      0 |    706 |   3 |  367.3 |
               +--------+--------+--------+--------+--------+-----+--------+

Top non-repeatable levels by time:
     D:1: 558 daAuts
     D:2: 514 daAuts
     D:3: 29 daAuts
